 Dungeon Crawl Stone Soup version 0.30-a0-12-gd8047c6341 (webtiles) character file.

Game seed: 2942898046724714511

1637 IdlyInterested the Trooper (level 8, -6/59 (64) HPs)
             Began as a Demonspawn Wanderer on Aug 23, 2022.
             Mangled by a troll (8 damage)
             ... on level 7 of the Dungeon.
             The game lasted 00:23:50 (8223 turns).

IdlyInterested the Trooper (Demonspawn Wanderer)    Turns: 8223, Time: 00:23:52

HP:   -6/59 (64)    AC:  8    Str: 12    XL:     8   Next: 66%
MP:   0/24          EV: 11    Int: 11    God:
Gold: 310           SH: 11    Dex: 18    Spells: 17/17 levels left

rFire   . . .      SeeInvis .    c - +0 falchion
rCold   . . .      Faith    .    y - +1 kite shield
rNeg    . . .      Spirit   +    i - +0 scale mail
rPois   .          Reflect  .    (helmet restricted)
rElec   .          Harm     .    (no cloak)
rCorr   .          Rampage  .    (no gloves)
Will    .....                    p - +1 pair of boots
Stlth   +.........               e - amulet of guardian spirit
HPRegen 0.19/turn                q - ring of magical power
MPRegen 0.19/turn                s - +4 ring of evasion

@: drained
A: antennae 2, ignite blood 1, weakness stinger 2
a: no special abilities


You were on level 7 of the Dungeon.
You visited 1 branch of the dungeon, and saw 7 of its levels.

You collected 310 gold pieces.

Inventory:

Hand Weapons
 a - a +0 vorpal dagger
 c - a +0 falchion (weapon)
 j - a +0 rapier
 v - a +0 rapier
 C - a +0 dagger of draining
Missiles
 b - 3 curare-tipped darts
 k - 5 boomerangs (quivered)
 o - 2 poisoned darts
Armour
 d - a +0 buckler
 f - a +0 leather armour
 i - a +0 scale mail (worn)
 n - a +0 plate armour
 p - a +1 pair of boots (worn)
 r - an orb of mayhem
 t - a +0 chain mail
 y - a +1 kite shield (worn)
Jewellery
 e - an amulet of guardian spirit (around neck)
 m - a +6 ring of intelligence
 q - a ring of magical power (left hand)
 s - a +4 ring of evasion (right hand)
Wands
 u - a wand of roots (4)
 A - a wand of flame (18)
Scrolls
 g - a scroll of identify
 l - 5 scrolls of teleportation
Potions
 h - 2 potions of lignification
 x - a potion of brilliance
 z - a potion of haste
 B - a potion of mutation


   Skills:
 - Level 6.0 Fighting
 - Level 3.2(4.0) Short Blades
 - Level 3.4(4.1) Long Blades
 - Level 3.6 Throwing
 * Level 1.4 Armour
 - Level 1.0 Dodging
 - Level 1.0 Stealth
 - Level 4.0 Shields
 + Level 5.0 Spellcasting
 - Level 1.2 Invocations
 - Level 1.0 Evocations


You had 17 spell levels left.
You didn't know any spells.
Your spell library contained the following spells:

 Spells                   Type           Power      Damage    Failure   Level
 Beastly Appendage        Tmut           4%         N/A       98%         1
 Foxfire                  Conj/Fire      8%         2x1d4     98%         1
 Freeze                   Ice            8%         1d3       98%         1
 Wereblood                Tmut           2%         N/A       99%         2
 Conjure Flame            Conj/Fire      2%         6-21      100%        3
 Frozen Ramparts          Ice            4%         1d1       100%        3
 Inner Flame              Hex/Fire       2%         N/A       100%        3
 Spider Form              Tmut/Pois      2%         N/A       100%        3
 Flame Wave               Conj/Fire      2%         2d4       100%        4
 Hailstorm                Conj/Ice       2%         3d3       100%        4


Dungeon Overview and Level Annotations

Branches:
Dungeon (7/15)
 Temple: D:4-7

Altars:
Dithmenos
Gozag
Kikubaaqudgha
Nemelex Xobeh
Uskayaw
Wu Jian


Innate Abilities, Weirdness & Mutations

You have a pair of antennae on your head.
Your demonic aura sometimes causes spilled blood to erupt in flames.
You have a tail ending in a sharp stinger.


Message History

You block the troll's attack. The troll barely misses you.
Aiming: Throw Flame
Press: ? - help, Shift-Dir - straight line, f/p - troll
Aim: a troll (heavily wounded, poisoned, 68% to hit)
The puff of flame misses the troll.
The troll completely misses you. The troll misses you.
You block the troll's attack.
Aiming: Throw Flame
Press: ? - help, Shift-Dir - straight line, f/p - troll
Aim: a troll (heavily wounded, poisoned, 68% to hit)
The puff of flame hits the troll.
The troll is severely wounded.
The troll closely misses you. The troll claws you.
* * * LOW HITPOINT WARNING * * *
The troll claws you.
* * * LOW HITPOINT WARNING * * *
You hit the troll.
The troll is severely wounded.
The troll looks more healthy.
The troll bites you!
* * * LOW HITPOINT WARNING * * *
The troll claws you but does no damage. You block the troll's attack.
Unknown command.
There's nothing to close nearby.
Aiming: Throw Flame
Press: ? - help, Shift-Dir - straight line, f/p - troll
Aim: a troll (severely wounded, 68% to hit)
That beam is likely to hit you.
Continue anyway?
Okay, then.
Aiming: Throw Flame
Press: ? - help, Shift-Dir - straight line, f/p - troll
Aim: a troll (severely wounded, 68% to hit)
That beam is likely to hit you.
Continue anyway?
Okay, then.
Aiming: Throw Flame
Press: ? - help, Shift-Dir - straight line, f/p - troll
Aim: a troll (severely wounded, 68% to hit)
That beam is likely to hit you.
Continue anyway?
The puff of flame misses the troll.
The puff of flame hits the troll.
The troll is almost dead.
You block the troll's attack. The troll claws you!
You die...

### #####
#...#...##
#..#..#(.#
#..#T.#
#.@#.#
##..##
####


You could see a troll.

Vanquished Creatures
  A shadow (D:6)
  Eustachio (D:5)
  An orc warrior (D:6)
  Pargi (D:3)
  2 ogres
  A centaur (D:6)
  A gnoll sergeant (D:5)
  2 scorpions
  A hound (D:6)
  3 orc priests
  2 jellies (D:5)
  2 iguanas (D:5)
  Terence (D:2)
  7 orc wizards
  9 adders
  8 gnolls
  A white imp (D:6)
  3 ufetubi
  2 dart slugs
  21 orcs
  8 bats
  5 endoplasms
  2 giant cockroaches
  9 goblins
  8 hobgoblins
  4 jackals (D:1)
  3 quokkas
  12 ball pythons
  2 frilled lizards (D:1)
  9 kobolds
  4 rats
136 creatures vanquished.

Notes
Turn   | Place    | Note
-------+----------+-------------------------------------------
     0 | D:1      | IdlyInterested the Demonspawn Wanderer began the quest for
                  | the Orb.
     0 | D:1      | IdlyInterested set off with the following items: a +0
                  | vorpal dagger, 4 curare-tipped darts, a +0 falchion, a +0
                  | buckler, a potion of heal wounds, a +0 leather armour.
     0 | D:1      | Reached XP level 1. HP: 13/13 MP: 1/1
    49 | D:1      | Reached skill level 1 in Fighting
   312 | D:1      | Discovered your monstrous ancestry.
   312 | D:1      | Gained mutation: You have a pair of small antennae on your
                  | head. [demonic ancestry]
   312 | D:1      | Reached XP level 2. HP: 9/22 MP: 2/2
   551 | D:1      | Found a faded altar of an unknown god.
   570 | D:1      | Reached skill level 2 in Fighting
  1121 | D:1      | Reached skill level 1 in Evocations
  1211 | D:2      | Gained mutation: Your demonic aura sometimes causes spilled
                  | blood to erupt in flames. [demonic ancestry]
  1211 | D:2      | Reached XP level 3. HP: 24/27 MP: 3/3
  1284 | D:2      | HP: 1/27 [bat (1)]
  1331 | D:1      | Reached skill level 1 in Stealth
  1463 | D:2      | Reached skill level 1 in Spellcasting
  1505 | D:2      | HP: 1/28 [endoplasm (1)]
  1719 | D:2      | Gained mutation: You have a pair of antennae on your head.
                  | [demonic ancestry]
  1719 | D:2      | Reached XP level 4. HP: 34/34 MP: 4/6
  1880 | D:2      | Noticed Terence
  1888 | D:2      | Killed Terence
  2038 | D:2      | Reached skill level 1 in Short Blades
  2375 | D:3      | Noticed Pargi
  2387 | D:3      | Killed Pargi
  2388 | D:3      | Reached skill level 3 in Fighting
  2388 | D:3      | Gained mutation: You have a small tail. [demonic ancestry]
  2388 | D:3      | Reached XP level 5. HP: 21/41 MP: 3/8
  2541 | D:3      | Found an ancient bone altar of Kikubaaqudgha.
  3146 | D:3      | Found an opulent altar of Gozag.
  3707 | D:4      | Reached XP level 6. HP: 29/47 MP: 8/10
  4599 | D:4      | Found an ornate altar of the Wu Jian Council.
  4600 | D:4      | Found a hide-covered altar of Uskayaw.
  4811 | D:5      | Entered Level 5 of the Dungeon
  4906 | D:5      | Reached skill level 4 in Fighting
  5128 | D:5      | Noticed Eustachio
  5186 | D:5      | Killed Eustachio
  5187 | D:5      | Reached XP level 7. HP: 21/55 MP: 11/13
  5623 | D:5      | Reached skill level 5 in Fighting
  6690 | D:6      | Gained mutation: You have a tail ending in a sharp stinger.
                  | [demonic ancestry]
  6690 | D:6      | Reached XP level 8. HP: 26/62 MP: 9/15
  7017 | D:6      | Reached skill level 5 in Spellcasting
  7477 | D:6      | Found a shadowy altar of Dithmenos.
  7816 | D:6      | Found a sparkling altar of Nemelex Xobeh.
  7990 | D:7      | Reached skill level 6 in Fighting
  8207 | D:7      | Noticed a troll
  8222 | D:7      | HP: 2/59 [troll (10)]
  8223 | D:7      | Mangled by a troll

Illustrated notes

Levels and vault maps discovered:
D:1:      minmay_arrival_four_houses, layout_basic,
          chequers_ecumenical_altar_simple_redux
D:2:      layout_loops_ring, hangedman_feature_mirror, minmay_misc_feat_five,
          uniq_terence
D:3:      layout_basic, grunt_temple_overflow_gold_and_silver,
          kiku_gazebo_garden_becter, uniq_pargi
D:4:      layout_loops_ring, grunt_temple_overflow_open
D:5:      layout_loops_ring, corexii_shack, lightli_minifort, uniq_eustachio
D:6:      layout_cave_pools, grunt_dithmenos_smoke_and_mirrors,
          mainiacjoe_overflow_boulevard, fountainhead,
          nicolae_elevator_lobby_plus
D:7:      layout_loops_corners, marbit_many_paths, nzn_hepliaklqana_mist_gate,
          minmay_temple_entry_glassed_door, nicolae_titane

Skill      XL: |  1  2  3  4  5  6  7  8 |
---------------+-------------------------+-----
Fighting       | 1 2 3 4 5 6 |  6.0
Evocations     | 1 |  1.0
Stealth        | 1 |  1.0
Spellcasting   | 1 2 4 5 |  5.0
Short Blades   | 1 2 3 |  3.2
Shields        | 2 3 4 |  4.0
Long Blades    | 2 3 |  3.4
Throwing       | |  3.6
Armour         | |  1.4
Dodging        | |  1.0
Invocations    | |  1.2

Action                   |  1- 3 |  4- 6 |  7- 9 || total
-------------------------+-------+-------+-------++-------
Melee: Dagger            |   168 |   243 |    82 ||   493
       Tailslap          |       |    35 |    49 ||    84
       Falchion          |       |       |   190 ||   190
Throw: Dart              |       |    17 |    11 ||    28
       Throwing net      |       |     3 |       ||     3
Evoke: Wand              |       |       |     6 ||     6
  Use: Scroll            |     5 |     6 |     4 ||    15
       Potion            |     2 |     4 |     5 ||    11
 Stab: Sleeping          |     2 |       |       ||     2
       Held in net/web   |       |     1 |       ||     1
Armor: Leather armour    |    66 |       |       ||    66
       Scale mail        |       |    76 |   157 ||   233
Dodge: Dodged            |    90 |    61 |    94 ||   245
Block: Buckler           |    39 |    45 |    37 ||   121
       Kite shield       |       |       |    89 ||    89

Table legend: (Time is in decaauts)
 A = Elapsed time spent in this place.
 B = Non-inter-level travel time spent in this place.
 C = Inter-level travel time spent in this place.
 D = Time resting spent in this place.
 E = Time spent auto-exploring this place.
 F = Levels seen in this place.
 G = Mean time per level.
                   A        B        C        D        E       F      G
               +--------+--------+--------+--------+--------+-----+--------+
         Total |   8251 |   7483 |    768 |   2389 |   3356 |   7 | 1178.7 |
       Dungeon |   8251 |   7483 |    768 |   2389 |   3356 |   7 | 1178.7 |
               +--------+--------+--------+--------+--------+-----+--------+

Top non-repeatable levels by time:
     D:5: 1703 daAuts
     D:6: 1559 daAuts
     D:3: 1431 daAuts
     D:1: 1366 daAuts
     D:4: 1252 daAuts
     D:2: 871 daAuts
     D:7: 66 daAuts
